 Dungeon Crawl Stone Soup version 0.30-a0-367-g839099abd5 (webtiles) character file.

Game seed: 9477813615584312845

28 Aramant the Ducker (level 3, 0/27 HPs)
             Began as a Demonspawn Gladiator on Nov 18, 2022.
             Slain by a jackal (2 damage)
             ... on level 4 of the Dungeon.
             The game lasted 00:03:34 (532 turns).

Aramant the Ducker (Demonspawn Gladiator)            Turns: 532, Time: 00:03:34

Health: 0/27       AC:  9    Str: 14    XL:     3   Next: 0%
Magic:  3/3        EV:  7    Int:  9    God:
Gold:   105        SH:  0    Dex: 16    Spells: 2/2 levels left

rFire   . . .      SeeInvis .    a - +0 trident
rCold   . . .      Faith    .    (no shield)
rNeg    . . .      Spirit   .    c - +0 chain mail
rPois   .          Reflect  .    (helmet restricted)
rElec   .          Harm     .    (no cloak)
rCorr   .          Rampage  .    (no gloves)
Will    .....                    h - +0 pair of boots
Stlth   ..........               (no amulet)
HPRegen 0.24/turn                (no ring)
MPRegen 0.08/turn                (no ring)

@: no status effects
A: horns 1
a: no special abilities


You were on level 4 of the Dungeon.
You visited 1 branch of the dungeon, and saw 5 of its levels.

You collected 105 gold pieces.

Inventory:

Hand Weapons
 a - a +0 trident (weapon)
Missiles
 d - 3 throwing nets (quivered)
 e - a javelin
Armour
 c - a +0 chain mail (worn)
 h - a +0 pair of boots (worn)
Potions
 g - a potion of lignification {unknown}


   Skills:
 + Level 2.0 Fighting
 + Level 2.9 Polearms
 + Level 1.8 Throwing
 + Level 3.5 Dodging


You had 2 spell levels left.
You didn't know any spells.
Your spell library was empty.

Dungeon Overview and Level Annotations

Branches:
Dungeon (5/15)
 Temple: D:4-7

Altars:
Cheibriados
Dithmenos
Makhleb
Wu Jian


Innate Abilities, Weirdness & Mutations

You have a pair of small horns on your head.


Message History

Found 6 gold pieces.
You are too injured to fight recklessly!
The jackal attacks as you move away! The jackal closely misses you.
Found an ornate altar of the Wu Jian Council.
The jackal attacks as you move away!
The jackal bites you but does no damage.
The jackal bites you.
* * * LOW HITPOINT WARNING * * *
The jackal attacks as you move away! The jackal closely misses you.
Found a black potion.
The jackal bites you but does no damage.
The jackal attacks as you move away! The jackal bites you.
* * * LOW HITPOINT WARNING * * *
A gnoll comes into view. It is wielding a +0 flail.
The gnoll shouts!
You see here a +0 leather armour of cold resistance.
The jackal attacks as you move away!
The jackal bites you but does no damage.
A dart slug comes into view.
The jackal bites you.
* * * LOW HITPOINT WARNING * * *
A gnoll comes into view. It is wielding a +0 spear.
The gnoll shouts!
The jackal closely misses you. The jackal attacks as you move away!
The jackal barely misses you.
You see here a black potion.
The jackal attacks as you move away!
The jackal bites you but does no damage.
The dart slug barely misses you. The jackal bites you.
* * * LOW HITPOINT WARNING * * *
Found a scroll labelled BIOSIW IM SAME.
The jackal bites you but does no damage.
The jackal attacks as you move away!
The jackal bites you but does no damage.
An iguana comes into view.
The iguana hisses angrily.
Found a snail-covered altar of Cheibriados.
The jackal bites you.
You die...

#.. ... ##._ ... ##.. #..
#######.# ### ...l...@#
#.. #######h# #.# ###.###
## ... ##..ws.##.# #
##.######..........g.## .#
..........#...≈≈...hJ.##g#
.........##...≈≈..##.!#..#
##>......#........##...#
##.......#.§.§.........#


You could see a scorpion, an iguana, a dart slug and a jackal.

Vanquished Creatures
  2 adders (D:4)
  An orc (D:3)
  A goblin (D:4)
  A hobgoblin (D:4)
  2 kobolds
  2 ball pythons (D:2)
  A rat (D:3)
10 creatures vanquished.

Notes
Turn   | Place    | Note
-------+----------+-------------------------------------------
     0 | D:1      | Aramant the Demonspawn Gladiator began the quest for the
                  | Orb.
     0 | D:1      | Reached XP level 1. HP: 16/16 MP: 1/1
   155 | D:4      | Found a burning altar of Makhleb.
   162 | D:4      | Found a shadowy altar of Dithmenos.
   165 | D:4      | Reached skill level 3 in Dodging
   165 | D:4      | Gained mutation: You have a pair of small horns on your
                  | head. [demonic ancestry]
   165 | D:4      | Reached XP level 2. HP: 12/22 MP: 2/2
   362 | D:5      | Entered Level 5 of the Dungeon
   394 | D:5      | Noticed a scorpion
   420 | D:4      | Reached XP level 3. HP: 12/27 MP: 3/3
   516 | D:4      | Found an ornate altar of the Wu Jian Council.
   522 | D:4      | HP: 1/27 [jackal (3)]
   527 | D:4      | HP: 1/27 [jackal (2)]
   532 | D:4      | Found a snail-covered altar of Cheibriados.
   532 | D:4      | Slain by a jackal

Illustrated notes

Levels and vault maps discovered:
D:1:      matt_arrival_los_fun, layout_basic, basic_ecumenical_altar,
          serial_shops, nicolae_lakefront_shop
D:2:      layout_basic, serial_shops, shop
D:3:      layout_rooms, serial_shops, shop, st_stairs_5, wad_orctagon
D:4:      layout_loops_cross, nicolae_wu_jian_wuxing_cycle,
          grunt_temple_overflow_open, grunt_dithmenos_smoke_and_mirrors,
          general_overflow_altar
D:5:      layout_loops_ring, serial_shops, kennysheep_mini_moat

Skill      XL: |  1 |
---------------+----+-----
Dodging        | 3 |  3.5
Fighting       | |  2.0
Polearms       | |  2.9
Throwing       | |  1.8

Action                   || total
-------------------------++-------
Melee: Trident           ||    39
       Headbutt          ||     1
  Use: Potion            ||     1
Armor: Leather armour    ||     5
       Chain mail        ||    35
Dodge: Dodged            ||    37

Table legend: (Time is in decaauts)
 A = Elapsed time spent in this place.
 B = Non-inter-level travel time spent in this place.
 C = Inter-level travel time spent in this place.
 D = Time resting spent in this place.
 E = Time spent auto-exploring this place.
 F = Levels seen in this place.
 G = Mean time per level.
                   A        B        C        D        E       F      G
               +--------+--------+--------+--------+--------+-----+--------+
         Total |    538 |    538 |      0 |    134 |    128 |   5 |  107.6 |
       Dungeon |    538 |    538 |      0 |    134 |    128 |   5 |  107.6 |
               +--------+--------+--------+--------+--------+-----+--------+

Top non-repeatable levels by time:
     D:4: 339 daAuts
     D:3: 55 daAuts
     D:2: 51 daAuts
     D:5: 49 daAuts
     D:1: 42 daAuts
